AoeStats
← Prometheus

Oasis

509949119Analyzed
2v2 RM · 4d ago on Sep 28, 2026· 15m 1s· 4 players
Game mode
Random Map
Map size
Medium (4 player)
Population
200
Speed
Normal
Resources
Standard
Victory
Conquest
Starting age
Dark Age
Ending age
Imperial Age
RankedLock teamsTeams togetherTeam positionsShared explorationLock speedFull tech treeHidden civsTurbo modeCheats
Victory
Defeat
🇬🇧 Byzantines · United Kingdom
1003
+16
🇬🇧 Turks · United Kingdom
980
+17
🇫🇷 Hindustanis · France
1032
-18
🇫🇷 Japanese · France
971
-15
Loxias
5:27 Loom
11:28 Feudal Age
Prometheus
10:57 Feudal Age
11:56 Double-Bit Axe
13:55 Scale Barding Armor
Shiny Farfetch <3
6:57 Loom
9:13 Feudal Age
►Zehlios◄
4:42 Loom
10:47 Feudal Age
Connection lost

Rejoining the realm…

Still unreachable

The connection could not be restored.

Session expired

The server has moved on; the page needs a fresh start.